 Dungeon Crawl Stone Soup version 0.20.1-1-g8b1a95d (webtiles) character file.

62 raph the Conjurer (level 3, -1/19 HPs)
             Began as a Deep Elf Conjurer on Sept 24, 2017.
             Slain by Natasha (5 damage)
             ... on level 2 of the Dungeon.
             The game lasted 00:03:17 (1574 turns).

raph the Conjurer (Deep Elf Conjurer)               Turns: 1574, Time: 00:03:18

Health: -1/19      AC:  5    Str:  5    XL:     3   Next: 85%
Magic:  8/10       EV: 13    Int: 20    God:
Gold:   126        SH:  0    Dex: 15    Spells: 4/10 levels left

rFire    . . .     SeeInvis .   i - +0 dagger
rCold    . . .     Gourm    .   (no shield)
rNeg     . . .     Faith    .   a - +0 robe
rPois    .         Spirit   .   (no helmet)
rElec    .         Reflect  .   s - +0 cloak
rCorr    .         Harm     .   (no gloves)
MR       .....                  e - +1 pair of boots
Stlth    ++........             (no amulet)
Regen    0.1/turn               (no ring)
MPRegen  0.2/turn               (no ring)

@: slowed, very slow
A: no striking features
a: no special abilities


You were on level 2 of the Dungeon.
You were not hungry.

You visited 1 branch of the dungeon, and saw 2 of its levels.

You collected 126 gold pieces.

Inventory:

Hand Weapons
 i - a +0 dagger (weapon)
Armour
 a - a +0 robe (worn)
 e - a +1 pair of boots (worn)
 s - a +0 cloak (worn)
Jewellery
 m - an uncursed ring of flight {unknown}
Scrolls
 h - a scroll of identify {unknown}
 n - a scroll of immolation {unknown}
 o - 4 scrolls of blinking {unknown}
 t - 2 scrolls of teleportation {unknown}
Potions
 d - a potion of might {unknown}
 f - 2 potions of mutation {unknown}
 k - 2 potions of curing {unknown}
 l - a potion of resistance {unknown}
 p - a potion of berserk rage {unknown}
 q - a potion of ambrosia {unknown}
 r - a potion of heal wounds {unknown}
Books
 b - a book of Conjurations

   Spells                             Type                      Level
   a - Magic Dart                     Conjuration                  1
   b - Searing Ray                    Conjuration                  2
   c - Dazzling Spray                 Conjuration/Hexes            3
   d - Fulminant Prism                Conjuration/Hexes            4
   e - Force Lance                    Conjuration/Translocation    4
   f - Iskenderun's Mystic Blast      Conjuration                  4
Comestibles
 c - 2 bread rations
 g - a meat ration
 j - a fruit


   Skills:
 + Level 3.0 Dodging
 + Level 2.8 Stealth
 + Level 4.0 Spellcasting
 * Level 5.1 Conjurations


You had 4 spell levels left.
You knew the following spells:

 Your Spells              Type           Power        Failure   Level  Hunger
a - Magic Dart            Conj           ###.         1%          1    None
b - Searing Ray           Conj           ###...       2%          2    #......
c - Dazzling Spray        Conj/Hex       ##....       13%         3    ###....


Dungeon Overview and Level Annotations

Branches:
Dungeon (2/15)

Altars:
Cheibriados

Annotations:
D:2 Natasha


Message History

Natasha casts a spell at you. The magic dart hits you!
* * * LOW HITPOINT WARNING * * *
Natasha stares at you and mumbles some strange words.
You feel yourself slow down.
Okay, then.
Natasha hisses angrily.
You hit Natasha.
Natasha is moderately wounded.
Natasha barely misses you.
Casting: Magic Dart
Confirm with . or Enter, or press ? or * to list all spells.
Aiming: Searing Ray
Press: ? - help, Shift-Dir - straight line, f/p - Natasha
Aim: Natasha (moderately wounded)
The searing ray hits Natasha.
Natasha is heavily wounded. (Press . to maintain the ray.) Natasha claws you.
You die...

##.....#.#######...#.##.
##..#...# ##.#...#
##.##### #......## #.#
#.##$....# #.#
#.#...≈≈..##+# ## #.#
#...≈≈≈≈≈.##.# .# #.#
#...≈≈≈≈≈.##.##### .#
#.# #h#.≈≈≈≈≈.##.#...<
.###.#
#@..≈≈≈≈≈.#....###
.....#
#....≈≈≈.......###
.#####
#.##.......†÷..... .##
#.#####...##.#.... #.#
#.# ###.##.##### .## #.#
#.##.# ## #.. ..##.# #
############.# #
#######...# #.#


You could see Natasha.

Vanquished Creatures
  Crazy Yiuf (D:2)
  A worm (D:2)
  A dart slug (D:2)
  4 leopard geckos
  A giant cockroach (D:1)
  2 hobgoblins
  5 bats
  6 frilled lizards
  3 kobolds (D:1)
  3 rats (D:1)
27 creatures vanquished.

Notes
Turn   | Place    | Note
-------+----------+-------------------------------------------
     0 | D:1      | raph the Deep Elf Conjurer began the quest for the Orb.
     0 | D:1      | Reached XP level 1. HP: 10/10 MP: 6/6
   151 | D:1      | Reached XP level 2. HP: 15/15 MP: 4/8
   997 | D:2      | Found a faded altar of an unknown god.
  1098 | D:2      | Found a runed door.
  1105 | D:2      | Learned a level 2 spell: Searing Ray
  1105 | D:2      | Noticed Crazy Yiuf
  1110 | D:2      | Killed Crazy Yiuf
  1110 | D:2      | Reached skill level 5 in Conjurations
  1110 | D:2      | Reached XP level 3. HP: 19/19 MP: 2/10
  1463 | D:2      | Learned a level 3 spell: Dazzling Spray
  1523 | D:2      | Found a snail-covered altar of Cheibriados.
  1561 | D:2      | Noticed Natasha
  1574 | D:2      | Slain by Natasha

Skill      XL: |  1  2  3 |
---------------+----------+-----
Conjurations   | 5 |  5.1
Spellcasting   | 4 |  4.0
Dodging        | 3 |  3.0
Stealth        | |  2.8

Action                   || total
-------------------------++-------
Melee: Dagger            ||     2
 Cast: Magic Dart        ||    46
       Searing Ray       ||     2
 Stab: Sleeping          ||     1
  Eat: Chunk             ||     2
Armor: Robe              ||     1
Dodge: Dodged            ||     3
